 Dungeon Crawl Stone Soup version 0.29.0-11-gd7f09526c8 (webtiles) character file.

Game seed: 7768498459241901388

7656 SensoryNuts the Carver (level 10, -1/77 HPs)
             Began as a Demonspawn Fighter on Sept 4, 2022.
             Slain by an orc warrior
             ... wielding a +0 halberd
              (9 damage)
             ... on level 9 of the Dungeon.
             The game lasted 00:13:49 (10669 turns).

SensoryNuts the Carver (Demonspawn Fighter)        Turns: 10669, Time: 00:13:50

Health: -1/77      AC: 19    Str: 17    XL:     10   Next: 99%
Magic:  10/10      EV:  8    Int:  9    God:
Gold:   502        SH:  5    Dex: 17    Spells: 9/9 levels left

rFire   . . .      SeeInvis .   a - +1 long sword (flame)
rCold   . . .      Faith    .   c - +0 buckler
rNeg    . . .      Spirit   .   h - +0 storm dragon scales
rPois   .          Reflect  .   (no helmet)
rElec   +          Harm     .   (cloak unavailable)
rCorr   .          Rampage  .   w - +0 pair of gloves
Will    .....                   q - +2 pair of boots
Stlth   ..........              (no amulet)
HPRegen 0.22/turn               (no ring)
MPRegen 0.12/turn               (no ring)

@: on berserk cooldown, slowed, studying Armour, very slow
A: claws 2, spiny 2, weakness stinger 3
a: no special abilities


You were on level 9 of the Dungeon.
You visited 2 branches of the dungeon, and saw 10 of its levels.

You collected 502 gold pieces.

Inventory:

Hand Weapons
 a - a +1 long sword of flaming (weapon)
Missiles
 B - 2 throwing nets (quivered)
Armour
 c - a +0 buckler (worn)
 h - +0 storm dragon scales (worn)
 q - a +2 pair of boots (worn)
 t - a scarf of repulsion
 w - a +0 pair of gloves (worn)
Jewellery
 u - a ring of magical power
 x - an amulet of magic regeneration
 A - a ring of fire
 E - a ring of positive energy
 F - an amulet of the acrobat
Wands
 m - a wand of roots (5)
 C - a wand of paralysis (22)
Scrolls
 b - a scroll of poison
 f - a scroll of silence
 i - 2 scrolls of amnesia
 k - 2 scrolls of fear
 n - 3 scrolls of noise
 p - 9 scrolls of teleportation
 s - a scroll of blinking {unknown}
 v - a scroll of summoning
 y - a scroll of immolation
 H - 3 scrolls of identify
 I - a scroll of acquirement {unknown}
 J - 2 scrolls of enchant armour {unknown}
Potions
 d - 2 potions of berserk rage
 g - 2 potions of degeneration
 j - 2 potions of cancellation
 l - 2 potions of attraction
 o - a potion of magic
 r - 2 potions of brilliance
 z - 4 potions of ambrosia
 D - a potion of haste
 G - 2 potions of lignification
 K - a potion of flight {unknown}


   Skills:
 + Level 6.8 Fighting
 * Level 12.0 Long Blades
 + Level 9.3 Armour
 + Level 1.9 Dodging
 + Level 1.4 Stealth
 + Level 4.4 Shields


You had 9 spell levels left.
You didn't know any spells.
Your spell library contained the following spells:

 Spells                   Type           Power      Damage    Failure   Level
 Freeze                   Ice            0%         1d3       99%         1
 Ensorcelled Hibernation  Hex/Ice        0%         N/A       100%        2
 Confusing Touch          Hex            0%         N/A       100%        3
 Conjure Flame            Conj/Fire      0%         6-21      100%        3
 Frozen Ramparts          Ice            0%         1d1       100%        3
 Gell's Gravitas          Tloc           0%         N/A       100%        3
 Ignite Poison            Fire/Tmut/Pois 0%         N/A       100%        3
 Lesser Beckoning         Tloc           0%         N/A       100%        3
 Spider Form              Tmut/Pois      0%         N/A       100%        3
 Teleport Other           Tloc           0%         N/A       100%        3
 Anguish                  Hex/Necr       0%         N/A       100%        4
 Animate Dead             Necr           0%         N/A       100%        4
 Hailstorm                Conj/Ice       0%         3d3       100%        4
 Ice Form                 Ice/Tmut       0%         N/A       100%        4
 Sticky Flame             Conj/Fire      0%         2d3       100%        4
 Yara's Violent Unravell  Hex/Tmut       0%         3d3       100%        5
 Simulacrum               Ice/Necr       0%         N/A       100%        6
 Enfeeble                 Hex            0%         N/A       100%        7
 Haunt                    Necr/Summ      0%         N/A       100%        7
 Infestation              Necr           0%         N/A       100%        8


Dungeon Overview and Level Annotations

Branches:
Dungeon (9/15)             Temple (1/1) D:7            Lair (0/5) D:9
    Orc: D:9-12

Altars:
Ashenzari
Cheibriados
Dithmenos
Fedhas
Gozag
Hepliaklqana
Kikubaaqudgha
Makhleb
Nemelex Xobeh
Okawaru
Qazlal
Ru
Sif Muna
Trog
Uskayaw
Vehumet
Wu Jian
Xom
Yredelemnul

Shops:
D:8 (   D:9 *


Innate Abilities, Weirdness & Mutations

You have very sharp fingernails.
You are mostly covered in sharp spines.
You have a sharp stinger which inflicts weakening toxins.


Message History

The orc warrior closely misses you.
Turdburglar's ghost mumbles some strange words.
Turdburglar's ghost blinks!
You hit turdburglar's ghost. You burn turdburglar's ghost.
Turdburglar's ghost is almost destroyed.
Your gnoll sergeant hits turdburglar's ghost from afar with a +5 trident of freezing.
Your gnoll sergeant freezes turdburglar's ghost.
Turdburglar's ghost hits you!!
* * * LOW HITPOINT WARNING * * *
The orc warrior hits you with a +0 flail.
* * * LOW HITPOINT WARNING * * *
The orc warrior hits you from afar with a +0 halberd.
* * * LOW HITPOINT WARNING * * *
You feel better.
Your kobold brigand throws a curare-tipped dart.
The curare-tipped dart hits the orc.
The orc is poisoned.
The orc convulses.
The orc dies!
Your gnoll sergeant hits turdburglar's ghost from afar with a +5 trident of freezing!
Your gnoll sergeant freezes turdburglar's ghost.
Turdburglar's ghost is destroyed!
The orc warrior is struck by your spines.
The orc warrior hits you with a +0 flail!
* * * LOW HITPOINT WARNING * * *
The orc warrior hits you from afar with a +0 halberd.
* * * LOW HITPOINT WARNING * * *
Your kobold brigand throws a curare-tipped dart.
The curare-tipped dart closely misses the orc warrior.
The curare-tipped dart hits the orc warrior.
The orc warrior is poisoned.
The orc warrior convulses.
The orc warrior seems to slow down.
Your gnoll sergeant barely misses the orc warrior.
The orc warrior closely misses you.
Your Long Blades skill increases to level 12!
You feel better. You block the orc warrior's attack.
The orc hits your gnoll sergeant but does no damage.
Your gnoll sergeant hits the orc warrior with a +5 trident of freezing!
Your gnoll sergeant freezes the orc warrior.
The orc warrior dies!
The orc warrior hits you from afar with a +0 halberd!
You die...

####### ########### #.....#
#.........### #.....#
#.........'.## #.....'
#.....)...#..###.....#
#....[....##..##.....#
#...g@....###.##.....#
#..o.)....# #..#.....#
#..oo.....# ##.'.....#
#.)o......# ###.....#
####.K..###### ####.###
########..).##...### ##....###
#....gK...o........# #........
#8.gK...)......8...# #........
########)')######...#####........


You could see 2 orc warriors, an orc priest, 2 orcs, a friendly kobold brigand
(summoned) and a friendly gnoll sergeant (summoned).

Vanquished Creatures
  A centaur warrior (D:9)
  A two-headed ogre (D:9)
  A troll (D:9)
  10 yaks (D:9)
  A wyvern (D:8)
  A shadow (D:9)
  A steam dragon (D:7)
  2 acid dragons
  A water moccasin (D:7)
  2 black bears
  3 ice beasts
  3 orc warriors
  An ogre (D:7)
  The ghost of stevemasterson the Chopper, an amateur DsGl (D:3)
  A phantom (D:4)
  2 centaurs
  2 kobold brigands
  3 bullfrogs
  2 gnoll sergeants
  2 necrophages
  A scorpion (D:6)
  5 wights
  2 howler monkeys
  2 jellies
  4 hounds
  7 orc priests
  2 iguanas
  2 gnoll boudas
  14 orc wizards
  Terence (D:2)
  20 gnolls
  7 adders
  A shadow imp (D:5)
  A white imp (D:6)
  3 ufetubi
  A worm (D:2)
  37 orcs
  7 endoplasms
  2 giant cockroaches
  8 goblins
  4 hobgoblins
  5 quokkas
  6 ball pythons
  4 bats
  2 frilled lizards (D:1)
  9 kobolds
  4 rats
202 creatures vanquished.

Vanquished Creatures (collateral kills)
  The ghost of turdburglar the Grappler, a journeyman TrWr of Dithmenos (D:9)
  2 orc warriors (D:9)
  An orc priest (D:9)
  6 orcs (D:9)
10 creatures vanquished.

Grand Total: 212 creatures vanquished

Notes
Turn   | Place    | Note
-------+----------+-------------------------------------------
     0 | D:1      | SensoryNuts the Demonspawn Fighter began the quest for the
                  | Orb.
     0 | D:1      | Reached XP level 1. HP: 18/18 MP: 1/1
   372 | D:1      | Reached skill level 2 in Long Blades
   372 | D:1      | Discovered your monstrous ancestry.
   372 | D:1      | Gained mutation: You have a small tail. [demonic ancestry]
   372 | D:1      | Reached XP level 2. HP: 24/24 MP: 2/2
   701 | D:1      | Found a faded altar of an unknown god.
  1031 | D:2      | Gained mutation: You are partially covered in sharp spines.
                  | [demonic ancestry]
  1031 | D:2      | Reached XP level 3. HP: 15/29 MP: 3/3
  1229 | D:2      | Noticed Terence
  1244 | D:2      | Killed Terence
  1531 | D:2      | Reached skill level 3 in Long Blades
  1791 | D:2      | Gained mutation: You have sharp fingernails. [demonic
                  | ancestry]
  1791 | D:2      | Reached XP level 4. HP: 32/35 MP: 4/4
  2327 | D:3      | Found a snail-covered altar of Cheibriados.
  2530 | D:3      | Reached XP level 5. HP: 33/41 MP: 5/5
  2947 | D:3      | Found a runed translucent door.
  3140 | D:3      | Noticed stevemasterson's ghost (amateur DsGl)
  3448 | D:3      | Killed stevemasterson's ghost
  3449 | D:3      | Reached skill level 4 in Long Blades
  3449 | D:3      | Gained mutation: You have a tail ending in a sharp stinger.
                  | [demonic ancestry]
  3449 | D:3      | Reached XP level 6. HP: 11/47 MP: 6/6
  3896 | D:4      | Reached skill level 5 in Long Blades
  3980 | D:4      | Reached XP level 7. HP: 47/53 MP: 7/7
  4080 | D:4      | Found a blossoming altar of Fedhas.
  4536 | D:4      | Found an iron altar of Okawaru.
  4625 | D:5      | Entered Level 5 of the Dungeon
  4625 | D:5      | Found a radiant altar of Vehumet.
  4631 | D:5      | Reached skill level 1 in Dodging
  4745 | D:5      | Reached skill level 6 in Long Blades
  5312 | D:5      | Gained mutation: You have very sharp fingernails. [demonic
                  | ancestry]
  5312 | D:5      | Reached XP level 8. HP: 52/61 MP: 8/8
  5401 | D:5      | Reached skill level 7 in Long Blades
  6543 | D:6      | Reached skill level 8 in Long Blades
  7020 | D:7      | Reached skill level 5 in Armour
  7032 | D:7      | Reached skill level 5 in Fighting
  7038 | D:7      | Gained mutation: You are mostly covered in sharp spines.
                  | [demonic ancestry]
  7038 | D:7      | Reached XP level 9. HP: 41/68 MP: 9/9
  7448 | D:7      | Reached skill level 9 in Long Blades
  7488 | D:7      | Found a staircase to the Ecumenical Temple.
  8227 | Temple   | Entered the Ecumenical Temple
  8445 | D:8      | Identified the +7 short sword of Destiny {flame, rC+ Int+3
                  | Dex+6}
  8912 | D:8      | Reached skill level 1 in Stealth
  9008 | D:8      | Found Titakleu's Antique Weapon Shoppe.
  9051 | D:8      | Reached skill level 10 in Long Blades
  9270 | D:9      | Noticed a centaur warrior
  9272 | D:9      | Noticed a two-headed ogre
  9282 | D:9      | Killed a two-headed ogre
  9283 | D:9      | Gained mutation: You have a sharp stinger which inflicts
                  | weakening toxins. [demonic ancestry]
  9283 | D:9      | Reached XP level 10. HP: 49/76 MP: 10/10
  9288 | D:9      | Killed a centaur warrior
  9513 | D:9      | Found a staircase to the Lair.
  9649 | D:9      | Found Iupipaax's Incredible Inventory.
  9699 | D:9      | Reached skill level 11 in Long Blades
 10067 | D:9      | Found the +7 great mace "Undeadhunter" {disrupt, rN+}
 10215 | D:9      | Found a hazy altar of Hepliaklqana.
 10465 | D:9      | Found a runed translucent gate.
 10465 | D:9      | Found a runed translucent gate.
 10465 | D:9      | Found a runed translucent gate.
 10470 | D:9      | Noticed turdburglar's ghost (journeyman TrWr)
 10510 | D:9      | Identified the +1 plate armour of Veenon {Dex+4}
 10668 | D:9      | Killed turdburglar's ghost
 10668 | D:9      | HP: 1/77 [orc warrior/+0 halberd (3)]
 10669 | D:9      | Reached skill level 12 in Long Blades
 10669 | D:9      | Slain by an orc warrior

Illustrated notes

Levels and vault maps discovered:
D:1:      scummos_arrival_gate, layout_basic, chequers_ecumenical_altar_lobes
D:2:      layout_loops_corners, minmay_misc_feat_alley, uniq_terence
D:3:      layout_basic, mainiacjoe_overflow_cross_hatched,
          ebering_ghost_reflecting_pool
D:4:      layout_cave_pools, mainiacjoe_overflow_alcove_1, fedhas_altar_1,
          minmay_quantized
D:5:      layout_gridville, mainiacjoe_overflow_catwalk_spiral
D:6:      layout_basic
D:7:      layout_gridville, minmay_temple_entry_mist, minmay_manual_moon
D:8:      layout_loops_ring, serial_shops, shop
D:9:      layout_roguey, lemuel_coloured_pillars_altar, lair_entry_dummy,
          biasface_ghost_orc_armoury, nicolae_alphabet_shops,
          minmay_unpleasant_kobolds
Temple:   regret_index_temple_sphere_string

Skill      XL: |  1  2  3  4  5  6  7  8  9 10 |
---------------+-------------------------------+-----
Long Blades    | 2 3 4 5 6 8 10 12 | 12.0
Armour         | 3 4 5 7 9 |  9.3
Shields        | 3 4 |  4.4
Fighting       | 4 5 6 |  6.8
Dodging        | 1 |  1.9
Stealth        | 1 |  1.4

Action                   |  1- 3 |  4- 6 |  7- 9 | 10-12 || total
-------------------------+-------+-------+-------+-------++-------
Melee: Long sword        |   109 |   107 |   301 |   102 ||   619
       Tailslap          |     5 |    13 |    47 |    22 ||    87
  Use: Scroll            |       |    14 |     9 |     1 ||    24
       Potion            |       |       |     5 |     3 ||     8
Armor: Storm dragon scal |    75 |    58 |   176 |    40 ||   349
Dodge: Dodged            |    33 |    27 |   106 |    39 ||   205
       Repelled          |       |       |     2 |       ||     2
Block: Buckler           |    20 |    23 |    78 |    18 ||   139
